 Dungeon Crawl Stone Soup version 0.31-a0-1027-gfb7600b534 (webtiles) character file.

Game seed: 16278699619718123312

10163 Avanven the Covert (level 11, 0/47 HPs)
             Began as a Spriggan Enchanter on Nov 18, 2023.
             Was an Elder of Dithmenos.
             Killed from afar by an acid dragon (21 damage)
             ... with a splash of acid
             ... on level 11 of the Dungeon.
             The game lasted 00:39:06 (10839 turns).

Avanven the Covert (Spriggan Enchanter)            Turns: 10839, Time: 00:39:07

Health: 0/47       AC:  2    Str:  4    XL:     11   Next: 32%
Magic:  18/21      EV: 27    Int: 22    God:    Dithmenos [****..]
Gold:   591        SH:  0    Dex: 15    Spells: 5/22 levels left

rFire   . . .        l - +3 dagger (speed)
rCold   . . .        (no shield)
rNeg    . . .        E - +0 steam dragon scales
rPois   .            (helmet restricted)
rElec   .            t - +0 cloak
rCorr   .            (gloves unavailable)
SInv    +            (boots unavailable)
Will    +....        H - amulet of magic regeneration
Stlth   ++++++++     q - +5 ring of evasion
HPRegen 0.27/turn    d - +5 ring of evasion
MPRegen 0.57/turn

%: no passive effects
@: corroded, very slightly contaminated, wreathed by umbra, very quick
A: very small, no large weapons, unfitting armour, see invisible, speed 3
a: Renounce Religion, Shadow Step


You were on level 11 of the Dungeon.
You worshipped Dithmenos.
Dithmenos was greatly pleased with you.
You visited 2 branches of the dungeon, and saw 12 of its levels.

You collected 591 gold pieces.

Inventory:

Hand Weapons
 a - a +1 dagger
 l - a +3 dagger of speed (weapon)
 o - a +1 dagger of venom
Armour
 k - a +0 buckler
 t - a +0 cloak (worn)
 E - +0 steam dragon scales (worn)
Magical Staves
 j - a staff of conjuration
Jewellery
 d - a +5 ring of evasion (right hand)
 q - a +5 ring of evasion (left hand)
 s - a ring of ice
 H - an amulet of magic regeneration (around neck)
Talismans
 i - a blade talisman
Wands
 b - a wand of paralysis (7)
 n - a wand of polymorph (10)
 C - a wand of light (11)
Scrolls
 f - a scroll of fear
 r - a scroll of enchant weapon
 u - 3 scrolls of amnesia
 v - 2 scrolls of silence
 w - 2 scrolls of revelation
 y - a scroll of identify
 D - a scroll of teleportation
 F - a scroll of enchant armour {unknown}
 G - a scroll of poison
Potions
 c - 2 potions of invisibility
 e - 2 potions of haste
 g - a potion of heal wounds
 h - 5 potions of curing
 m - 2 potions of ambrosia
 p - 2 potions of lignification
 x - a potion of brilliance
 z - 3 potions of magic
 A - a potion of cancellation {unknown}
 B - a potion of mutation {unknown}


   Skills:
 * Level 13.3 Short Blades
 - Level 2.6 Dodging
 - Level 13.5 Stealth
 - Level 6.2 Spellcasting
 + Level 8.9 Hexes
 + Level 5.7 Poison Magic


You had 5 spell levels left.
You knew the following spells:

 Your Spells              Type           Power      Damage    Failure   Level
a - Ensorcelled Hibernat  Hex/Ice        52%        N/A       2%          2
b - Confusing Touch       Hex            46%        N/A       1%          3
c - Dazzling Flash        Conj/Hex       52%        N/A       4%          3
d - Tukima's Dance        Hex            46%        N/A       1%          3
e - Poisonous Vapours     Pois/Air       38%        N/A       4%          2
f - Olgreb's Toxic Radia  Pois           32%        N/A       9%          4

Your spell library contained the following spells:

 Spells                   Type           Power      Damage    Failure   Level
 Jinxbite                 Hex            92%        N/A       1%          2
 Sting                    Tmut/Pois      76%        1d6       2%          1
 Summon Guardian Golem    Hex/Summ       26%        N/A       4%          3
 Apportation              Tloc           12%        N/A       9%          1
 Summon Small Mammal      Summ           24%        N/A       9%          1
 Sublimation of Blood     Necr           6%         N/A       14%         2
 Wereblood                Tmut           6%         N/A       14%         2
 Call Canine Familiar     Summ           6%         N/A       26%         3
 Alistair's Intoxication  Tmut/Pois      12%        N/A       58%         5
 Summon Hydra             Summ           3%         N/A       100%        7


Dungeon Overview and Level Annotations

Branches:
Dungeon (11/15)            Temple (1/1) D:4            Lair (0/5) D:9
    Orc: D:9-12

Altars:
Ashenzari
Cheibriados
Dithmenos
Elyvilon
Fedhas
Gozag
Hepliaklqana
Kikubaaqudgha
Makhleb
Nemelex Xobeh
Okawaru
Qazlal
Ru
Sif Muna
Trog
Uskayaw
Vehumet
Wu Jian
Xom
Yredelemnul
Zin
The Shining One

Shops:
D:3 :   D:5 *   D:6 !

Annotations:
D:10 1 runed translucent door, Ralffi009's ghost, journeyman HOFi


Innate Abilities, Weirdness & Mutations

You are very small and have problems with some larger weapons.
You are too small for most types of armour.
You have supernaturally acute eyesight. (SInv)
You cover ground extremely quickly. (Speed+++)


Message History

Found a potion of invisibility.
Found a scroll of poison.
The helpless troll fails to defend itself.
You perforate the troll like a sieve!!!!!
You kill the troll!
Dithmenos accepts your kill.
G - a scroll of poison;
H - an amulet of magic regeneration You start putting on your amulet.
You continue putting on your amulet of magic regeneration. x5
You finish putting on your amulet of magic regeneration.
H - an amulet of magic regeneration (around neck)
Found 21 gold pieces.
You open the door.
There is an open door here.
An acid dragon comes into view.
Found a leather armour and a gilded ring.
A vampire mosquito comes into view.
Found 3 poisoned darts.
The acid dragon roars!
The vampire mosquito buzzes angrily.
The acid dragon spits acid at you. The splash of acid hits you!!
Ouch! That really hurt!
You emit a cloud of dark smoke.
The acid corrodes you!
Casting: Ensorcelled Hibernation (safe; 2% risk of failure)
Confirm with . or Enter, or press ? or * to list all spells.
Aiming: Ensorcelled Hibernation (safe; 2% risk of failure)
Press: ? - help, Shift-Dir - straight line, f - acid dragon
Aim: an acid dragon (black smoke, umbra, chance to affect: 57%)
You miscast Ensorcelled Hibernation.
You are very lightly contaminated with residual magic.
Nothing appears to happen.
Casting: Ensorcelled Hibernation (safe; 2% risk of failure)
Confirm with . or Enter, or press ? or * to list all spells.
Aiming: Ensorcelled Hibernation (safe; 2% risk of failure)
Press: ? - help, Shift-Dir - straight line, f/p - acid dragon
Aim: an acid dragon (black smoke, umbra, chance to affect: 57%)
The acid dragon resists with significant effort.
The acid dragon spits acid at you. The splash of acid hits you!!
You die...

#. #.#...............
#.. #.................
#..#........#<....#.
#.........##########
##.......##[..#..'.##
####.#######...##..##
#.# #(##§§#....## #.##
#.§§§###..#.# #..##
###@§#.....#.# ##..#
#D###.....#.# ##.#
§y#...#.#....#
###.####§###..##..$.#.#
#.....#=.#...## #....#.
#.....#y##...# #.#...
#.....#.#..### #.#..
#.....####..# #...
#.....##...## #.


You could see an acid dragon (catching breath) and a vampire mosquito.

Vanquished Creatures
  An unseen horror (D:10)
  A rime drake (D:9)
  A polar bear (D:9)
  A troll (D:11)
  2 hornets
  Sigmund (D:3)
  A dancing weapon (D:9)
  A vampire (D:11)
  2 wyverns
  18 yaks
  Grum (D:9)
  A steam dragon (D:9)
  Menkaure (D:6)
  Edmund (D:4)
  3 acid dragons
  A water moccasin (D:5)
  3 black bears
  4 orc warriors
  5 ice beasts
  3 ogres (D:6)
  4 wolves (D:9)
  A phantom (D:7)
  3 centaurs
  A kobold brigand (D:8)
  Blork the orc (D:6)
  2 bullfrogs
  3 scorpions
  7 wights
  16 killer bees
  4 crimson imps (D:3)
  A jelly (D:7)
  10 hounds
  4 orc priests
  Crazy Yiuf (D:3)
  A gnoll bouda (D:9)
  10 orc wizards
  2 iguanas (D:7)
  A sleepcap (D:4)
  Natasha (thrice) (D:3)
  Robin (D:3)
  7 adders
  A shadow imp (D:6)
  A worm (D:5)
  2 dart slugs
  29 orcs
  6 ball pythons
  8 bats
  2 endoplasms
  4 giant cockroaches
  12 goblins
  10 hobgoblins
  2 jackals (D:2)
  A quokka (D:4)
  2 frilled lizards
  15 kobolds
  3 rats
233 creatures vanquished.

Vanquished Creatures (others)
  2 dancing weapons
2 creatures vanquished.

Grand Total: 235 creatures vanquished

Notes
Turn   | Place    | Note
-------+----------+-------------------------------------------
     0 | D:1      | Avanven the Spriggan Enchanter began the quest for the Orb.
     0 | D:1      | Reached XP level 1. HP: 9/9 MP: 5/5
   381 | D:1      | Reached XP level 2. HP: 13/13 MP: 6/6
   744 | D:1      | Learned a level 2 spell: Ensorcelled Hibernation
   749 | D:2      | Reached skill level 5 in Stealth
   770 | D:2      | Reached XP level 3. HP: 15/16 MP: 5/8
  1593 | D:3      | Found Wogafudo's Vocational Training.
  1736 | D:3      | Noticed Robin
  1777 | D:3      | Learned a level 3 spell: Confusing Touch
  1802 | D:3      | Reached XP level 4. HP: 21/21 MP: 5/9
  1804 | D:3      | Killed Robin
  2076 | D:3      | Noticed Natasha
  2094 | D:3      | Killed Natasha
  2188 | D:3      | Noticed Sigmund
  2213 | D:3      | Killed Sigmund
  2214 | D:3      | Reached skill level 5 in Hexes
  2214 | D:3      | Reached XP level 5. HP: 24/24 MP: 3/10
  2214 | D:3      | Reached XP level 6. HP: 28/28 MP: 3/11
  2289 | D:3      | Found a shimmering altar of Xom.
  2291 | D:3      | Noticed Natasha
  2407 | D:3      | Killed Natasha
  2563 | D:3      | Reached skill level 5 in Short Blades
  2588 | D:3      | Noticed Natasha
  2682 | D:3      | Killed Natasha
  3194 | D:3      | Found a runed translucent door.
  3216 | D:3      | Noticed Crazy Yiuf
  3223 | D:3      | Killed Crazy Yiuf
  3224 | D:3      | Reached XP level 7. HP: 32/32 MP: 9/12
  3301 | D:4      | Noticed Edmund
  3335 | D:4      | Killed Edmund
  3602 | D:4      | Found a staircase to the Ecumenical Temple.
  3688 | Temple   | Entered the Ecumenical Temple
  3714 | Temple   | Became a worshipper of Dithmenos the Shadowed
  3797 | D:4      | Found a hazy altar of Hepliaklqana.
  3806 | D:4      | Found a sparkling altar of Nemelex Xobeh.
  3806 | D:4      | Found a stormy altar of Qazlal.
  3808 | D:4      | Found an opulent altar of Gozag.
  3984 | D:5      | Entered Level 5 of the Dungeon
  4045 | D:5      | Learned a level 3 spell: Dazzling Flash
  4199 | D:5      | Reached XP level 8. HP: 17/36 MP: 0/13
  4356 | D:5      | Found Acoreen's Assorted Antiques.
  4609 | D:5      | Found a sacrificial altar of Ru.
  4845 | D:5      | Reached * piety under Dithmenos
  4857 | D:5      | Learned a level 3 spell: Tukima's Dance
  5164 | D:6      | Found Egecw's Distillery.
  5345 | D:6      | Identified the +1 plate armour "Oczoe" {rElec MP+9 Str-4
                  | SInv}
  5348 | D:6      | Noticed Menkaure
  5415 | D:6      | Killed Menkaure
  5416 | D:6      | Reached skill level 5 in Spellcasting
  5500 | D:6      | Reached XP level 9. HP: 39/39 MP: 9/17
  5568 | D:6      | Noticed Blork the orc
  5704 | D:6      | Reached skill level 10 in Stealth
  5982 | D:6      | Killed Blork the orc
  6368 | D:7      | Found a broken altar of Ashenzari.
  6442 | D:7      | Found a bloodstained altar of Trog.
  6481 | D:7      | Reached ** piety under Dithmenos
  6842 | D:7      | Learned a level 2 spell: Poisonous Vapours
  6911 | D:8      | Reached skill level 10 in Short Blades
  6921 | D:8      | Reached skill level 1 in Poison Magic
  7250 | D:8      | Reached XP level 10. HP: 44/44 MP: 17/20
  7882 | D:8      | Identified the +2 sling of Ytwal {heavy, *Corrode rPois
                  | Will+++ SInv}
  8057 | D:9      | Noticed Grum
  8071 | D:9      | Killed Grum
  8198 | D:9      | Found an ancient bone altar of Kikubaaqudgha.
  8435 | D:9      | Reached *** piety under Dithmenos
  8683 | D:9      | Found a staircase to the Lair.
  8867 | D:9      | Learned a level 4 spell: Olgreb's Toxic Radiance
  9437 | D:10     | Entered Level 10 of the Dungeon
  9481 | D:9      | Reached skill level 5 in Poison Magic
  9481 | D:9      | Reached XP level 11. HP: 47/47 MP: 15/21
  9743 | D:10     | HP: 2/47 [acid dragon/splash of acid (24)]
  9999 | D:10     | Found a runed translucent door.
 10008 | D:10     | Reached **** piety under Dithmenos
 10062 | D:10     | Noticed Ralffi009's ghost (journeyman HOFi)
 10187 | D:10     | Identified the +8 spear "Arcanum" {pain, rC+ Dex+3 Stlth-}
 10187 | D:10     | Noticed a spriggan rider
 10261 | D:10     | Found a hide-covered altar of Uskayaw.
 10411 | D:10     | Found a snail-covered altar of Cheibriados.
 10839 | D:11     | Killed from afar by an acid dragon

Illustrated notes

Levels and vault maps discovered:
D:1:      dpeg_arrival_arbitrary_b, layout_basic, minmay_domino_4
D:2:      layout_loops_ring
D:3:      layout_basic, led_xom_imps, nicolae_shop_vocational, uniq_robin,
          uniq_natasha, uniq_crazy_yiuf_cottage, uniq_sigmund
D:4:      layout_rooms, chequers_temple_overflow_statue_of_worship, temple_hall,
          kennysheep_generic_room_8, uniq_edmund
D:5:      layout_cave_pools, mainiacjoe_overflow_paths, serial_shops, shop
D:6:      layout_cave_pools, serial_shops, shop_fountains,
          dreamdust_mushroom_princess, uniq_blork_the_orc, uniq_menkaure
D:7:      layout_cave_pools, nicolae_overflow_crystal_walls,
          trog_butcher_becter, abandoned_shop
D:8:      layout_basic
D:9:      layout_basic, mainiacjoe_overflow_alcove_2, hellmonk_lair_entry_icy,
          st_stairs_6, uniq_grum
D:10:     layout_grid_maze, nicolae_uskayaw_suspiria,
          mainiacjoe_overflow_catwalk, ebering_ghost_funeral_grove
D:11:     minmay_razor_zed, layout_rooms, serial_co_window_serial,
          co_window_of_opportunity_a, co_window_paths_b, co_window_paths_a,
          co_window_paths_a, co_window_paths_a, co_window_broadway_c,
          co_window_unsneaky_path_c, co_window_cross_2, glass_columns_c,
          glass_columns_a, glass_columns_a, nicolae_tricolors
Temple:   chequers_temple_sunken

Skill      XL: |  1  2  3  4  5  6  7  8  9 10 11 |
---------------+----------------------------------+-----
Short Blades   | 2 3 4 5 7 8 10 12 13 | 13.3
Stealth        | 5 6 7 8 9 11 13 | 13.5
Hexes          | 4 5 6 7 8 |  8.9
Spellcasting   | 3 5 6 |  6.2
Poison Magic   | 2 5 |  5.7
Dodging        | |  2.6

Action                     |  1- 3 |  4- 6 |  7- 9 | 10-12 || total
---------------------------+-------+-------+-------+-------++-------
  Melee: Dagger            |   173 |   349 |   315 |   172 ||  1009
         Punch             |     4 |     4 |     5 |     3 ||    16
   Cast: Ensorcelled Hiber |     8 |    32 |    57 |    36 ||   133
         Confusing Touch   |       |       |    17 |    24 ||    41
         Tukima's Dance    |       |       |     6 |     4 ||    10
         Dazzling Flash    |       |       |     4 |     1 ||     5
         Poisonous Vapours |       |       |     1 |     3 ||     4
         Olgreb's Toxic Ra |       |       |       |     6 ||     6
    Use: Scroll            |     5 |     5 |     8 |     2 ||    20
         Potion            |     1 |     1 |       |       ||     2
   Stab: Sleeping          |    12 |    19 |    46 |    31 ||   108
         Confused          |       |       |    16 |    19 ||    35
         Invisible         |       |       |     4 |     1 ||     5
         Distracted        |       |       |     1 |       ||     1
 Armour: Robe              |    30 |    44 |    30 |     9 ||   113
         Steam dragon scal |       |       |       |    16 ||    16
  Dodge: Dodged            |   108 |   121 |   145 |    92 ||   466

Table legend: (Time is in decaauts)
 A = Elapsed time spent in this place.
 B = Non-inter-level travel time spent in this place.
 C = Inter-level travel time spent in this place.
 D = Time resting spent in this place.
 E = Time spent auto-exploring this place.
 F = Levels seen in this place.
 G = Mean time per level.
                   A        B        C        D        E       F      G
               +--------+--------+--------+--------+--------+-----+--------+
         Total |   7780 |   7615 |    165 |   2374 |   2809 |  12 |  648.3 |
       Dungeon |   7733 |   7568 |    165 |   2374 |   2809 |  11 |  703.0 |
        Temple |     47 |     47 |      0 |      0 |      0 |   1 |   47.0 |
               +--------+--------+--------+--------+--------+-----+--------+

Top non-repeatable levels by time:
     D:3: 1191 daAuts
     D:9: 1033 daAuts
    D:10: 911 daAuts
     D:6: 819 daAuts
     D:8: 792 daAuts
     D:5: 649 daAuts
     D:2: 632 daAuts
     D:4: 620 daAuts
     D:7: 563 daAuts
     D:1: 477 daAuts
  Temple: 47 daAuts
    D:11: 41 daAuts
